 Dungeon Crawl Stone Soup version 0.30.1-3-gfc49f6343a (webtiles) character file.

Game seed: 14213125415700902241

417 Cheops the Ruffian (level 6, -9/59 HPs)
             Began as a Troll Fighter on July 21, 2023.
             Mangled by Dowan
             ... wielding a +2 dagger of electrocution
              (20 damage)
             ... on level 5 of the Dungeon.
             The game lasted 00:05:53 (2521 turns).

Cheops the Ruffian (Troll Fighter)                  Turns: 2521, Time: 00:05:53

Health: -9/59      AC:  6    Str: 25    XL:     6   Next: 61%
Magic:  5/5        EV:  8    Int: 12    God:
Gold:   165        SH:  7    Dex:  9    Spells: 5/5 levels left

rFire   . .          .
                       - Unarmed
rCold   . . .        b - +0 kite shield
rNeg    . . .        a - +0 robe
rPois   .            j - +2 hat
rElec   .            (no cloak)
rCorr   .            (gloves unavailable)
SInv    .            (boots unavailable)
Will    .....        (no amulet)
Stlth   +            p - +6 ring of intelligence
HPRegen 1.09/turn    (no ring)
MPRegen 0.09/turn

%: no passive effects
@: mighty
A: large, unfitting armour, claws 3, regeneration 1, shaggy fur 1, tough skin 1
a: no special abilities


You were on level 5 of the Dungeon.
You visited 1 branch of the dungeon, and saw 6 of its levels.

You collected 165 gold pieces.

Inventory:

Armour
 a - a +0 robe (worn)
 b - a +0 kite shield (worn)
 j - a +2 hat (worn)
Magical Staves
 q - a staff of poison
Jewellery
 p - a +6 ring of intelligence (left claw)
Scrolls
 e - a scroll of noise {unknown}
 f - a scroll of identify {unknown}
 i - a scroll of torment {unknown}
 k - 2 scrolls of immolation {unknown}
 l - a scroll of fog {unknown}
 m - a scroll of brand weapon {unknown}
 n - a scroll of enchant weapon {unknown}
 o - a scroll of teleportation {unknown}
Potions
 d - 4 potions of curing {unknown}
 g - a potion of ambrosia {unknown}
 h - a potion of attraction {unknown}


   Skills:
 - Level 2.4 Fighting
 - Level 2.4 Dodging
 - Level 2.6 Shields
 + Level 7.2 Unarmed Combat


You had 5 spell levels left.
You didn't know any spells.
Your spell library was empty.

Dungeon Overview and Level Annotations

Branches:
Dungeon (6/15)
 Temple: D:4-7

Altars:
Okawaru
Xom

Shops:
D:1 *   D:6 *

Annotations:
D:5 Dowan


Innate Abilities, Weirdness & Mutations

You are too large for most types of armour.
You have claws for hands.
Your natural rate of healing is unusually fast.
You are covered in fur. (AC +1)
You have tough skin. (AC +1)


Message History

You closely miss Dowan. Duvessa closely misses you.
Dowan hits you with a +2 dagger of electrocution.
You feel very mighty all of a sudden. Duvessa hits you with a +0 short sword!
Dowan smirks and points a slender finger.
Dowan hits you with a +2 dagger of electrocution.
You barely miss Duvessa. You barely miss Duvessa.
Duvessa says, "My weaknesses are his strengths!"
Duvessa closely misses you. Dowan gestures at you while chanting.
The puff of frost hits you!
You scratch Duvessa but do no damage. Duvessa hits you with a +0 short sword!
* * * LOW HITPOINT WARNING * * *
Dowan barely misses you.
You claw Duvessa!
Duvessa is moderately wounded.
You block Duvessa's attack. Dowan gestures at you while chanting.
The puff of frost hits you.
* * * LOW HITPOINT WARNING * * *
You barely miss Duvessa.
Duvessa is moderately wounded.
You block Duvessa's attack. Dowan barely misses you.
You claw Duvessa!
Duvessa is severely wounded.
Duvessa hits you but does no damage. Dowan hits you but does no damage.
You are electrocuted!
* * * LOW HITPOINT WARNING * * *
You claw Duvessa!
You kill Duvessa!
Dowan screams, "No!
Oh no!"
Dowan seems to find hidden reserves of power!
Dowan gestures at you while chanting. The stone arrow hits you!
* * * LOW HITPOINT WARNING * * *
Dowan hits you with a +2 dagger of electrocution.
* * * LOW HITPOINT WARNING * * *
You are electrocuted!!
You die...

.. #. #. #. #.
#.
######.########
.......@e...?..
######.).######
#'''# ##...##
##≈...≈##
#§..>..§#
#≈..†..≈#
#§§§.>.≈#
##§...≈##


You could see Dowan (fast).

Vanquished Creatures
  Duvessa (D:5)
  A black bear (D:4)
  2 scorpions
  A hound (D:6)
  An iguana (D:4)
  An orc wizard (D:4)
  2 adders (D:2)
  An ufetubus (D:4)
  2 worms
  4 dart slugs
  5 orcs
  3 ball pythons
  9 bats
  5 endoplasms
  3 giant cockroaches
  9 goblins
  9 hobgoblins
  3 jackals (D:2)
  6 kobolds
  5 quokkas
  2 frilled lizards
  7 rats
82 creatures vanquished.

Notes
Turn   | Place    | Note
-------+----------+-------------------------------------------
     0 | D:1      | Cheops the Troll Fighter began the quest for the Orb.
     0 | D:1      | Reached XP level 1. HP: 22/22 MP: 0/0
    67 | D:1      | Found Idusaec's Assorted Antiques.
   160 | D:1      | Reached XP level 2. HP: 29/29 MP: 1/1
   211 | D:1      | Reached skill level 3 in Unarmed Combat
   379 | D:1      | Reached XP level 3. HP: 36/36 MP: 2/2
   404 | D:1      | Found a faded altar of an unknown god.
   877 | D:2      | Reached skill level 4 in Unarmed Combat
   897 | D:2      | Found an iron altar of Okawaru.
   998 | D:2      | Reached XP level 4. HP: 42/44 MP: 3/3
  1564 | D:3      | Found a shimmering altar of Xom.
  2184 | D:4      | Reached skill level 5 in Unarmed Combat
  2184 | D:4      | Reached XP level 5. HP: 37/50 MP: 4/4
  2340 | D:4      | Noticed a black bear
  2346 | D:4      | Killed a black bear
  2347 | D:4      | Reached skill level 6 in Unarmed Combat
  2436 | D:4      | Reached XP level 6. HP: 57/59 MP: 5/5
  2474 | D:4      | You fall into a shaft and drop 2 floors!
  2474 | D:6      | Found Ycrainid's General Store.
  2500 | D:5      | Entered Level 5 of the Dungeon
  2504 | D:5      | Reached skill level 7 in Unarmed Combat
  2509 | D:5      | Noticed Duvessa
  2510 | D:5      | Noticed Dowan
  2521 | D:5      | Killed Duvessa
  2521 | D:5      | Mangled by Dowan

Illustrated notes

Levels and vault maps discovered:
D:1:      scummos_arrival_star, layout_loops_ring, basic_ecumenical_altar,
          serial_shops, nicolae_shop_overgrown_old_shop, serial_bayou_lake_a
D:2:      layout_basic, basic_altar, serial_curves, eino_curves_01,
          eino_curves_03, kennysheep_generic_room_4
D:3:      layout_basic, xom_teletrap_fun
D:4:      layout_basic, kennysheep_vampire_church, trog_three_pillars_becter,
          st_stairs_12, grunt_ministairs_1, minmay_misc_feat_pillars,
          minmay_bisected
D:5:      layout_basic, hangedman_abyss_or_decor_stabs,
          kennysheep_windowed_goal, uniq_duvessa
D:6:      layout_basic, makhleb_altar_promises_db, serial_shops, shop

Skill      XL: |  1  2  3  4  5  6 |
---------------+-------------------+-----
Unarmed Combat | 3 4 5 6 7 |  7.2
Fighting       | |  2.4
Dodging        | |  2.4
Shields        | |  2.6

Action                     |  1- 3 |  4- 6 || total
---------------------------+-------+-------++-------
  Melee: Unarmed           |   102 |   124 ||   226
    Use: Potion            |       |     1 ||     1
 Armour: Robe              |    28 |    48 ||    76
  Dodge: Dodged            |    46 |    37 ||    83
  Block: Kite shield       |    57 |    34 ||    91
